 Dungeon Crawl Stone Soup version 0.16.1-11-g651b585 (webtiles) character file.

628682 nubinia the Slayer (level 27, -9/191 HPs)
             Began as a Gargoyle Fighter on Apr 1, 2015.
             Was the Champion of Ashenzari.
             Mangled by an Orb Guardian (44 damage)
             ... on level 5 of the Realm of Zot on Apr 3, 2015.
             The game lasted 11:38:32 (81676 turns).

nubinia the Slayer (Gargoyle Fighter)              Turns: 81676, Time: 11:38:32

Health: -9/191     AC: 56    Str: 34    XL:     27
Magic:  38/38      EV: 27    Int: 16    God:    Ashenzari [******]
Gold:   8275       SH: 24    Dex: 10    Spells: 16 memorised, 3 levels left

rFire  + . .     SeeInvis +     a - +9 mace (protect)
rCold  + . .     Clarity  +     c - +3 ring mail of Instinct {rElec rF+ rCorr Slay+2} (curse)
rNeg   + . .     SustAb   .     s - +5 shield {AC+3} (curse)
rPois  ∞         Gourm    .     R - +2 hat (curse)
rElec  +         Spirit   .     T - +2 cloak (curse)
rCorr  +         Warding  .     H - +1 pair of gloves (curse)
rMut   .         Stasis   .     p - +1 pair of boots {run} (curse)
MR     +++..                    u - amulet of regeneration
Stlth  ++........               C - +4 ring of strength (curse)
                                Z - ring of Shaolin {EV+8} (curse)

@: mighty, about to teleport, flying, very slightly contaminated, quick,
extremely resistant to hostile enchantments, unstealthy
A: able to fly continuously, antennae 1, big wings, talons 1, icy blue scales 1,
molten scales 1, rugged brown scales 1, cold resistance 1, low mp 1, magic
resistance 1, negative energy resistance 1, regeneration 2, shaggy fur 1,
electricity resistance, unbreathing, evolution 1, petrification resistance, rot
immunity, AC +20
a: Stop Flying, Scrying, Transfer Knowledge, Renounce Religion
0: Orb of Zot
}: 3/15 runes: decaying, silver, gossamer


You were on level 5 of the Realm of Zot.
You worshipped Ashenzari.
Ashenzari was exalted by your worship.
You were very hungry.

You visited 11 branches of the dungeon, and saw 59 of its levels.
You visited the Abyss 3 times.
You also visited: Ossuary, Ice Cave and Wizlab.

You collected 9720 gold pieces.
You spent 1445 gold pieces at shops.

Inventory:

Hand weapons
 a - a +9 mace of protection (weapon)
 b - the +7 mace of Midnight {holy, +Blink rF+ rN+ SInv}
   (You found it on level 3 of the Depths)

   It has been blessed by the Shining One to cause great damage to the undead
   and demons.
   It protects you from fire.
   It protects you from negative energy.
   It enhances your eyesight.
   It lets you blink.
Armour
 c - the cursed +3 ring mail of Instinct (worn) {rElec rF+ rCorr Slay+2}
   (You bought it in a shop on level 7 of the Dungeon)

   It affects your accuracy and damage with ranged weapons and melee attacks
   (+2).
   It protects you from fire.
   It insulates you from electricity.
   It protects you from acid and corrosion.
   It has a curse placed upon it.
 p - a cursed +1 pair of boots of running (worn)
 s - a cursed +5 shield of protection (worn)
 H - a cursed +1 pair of gloves (worn)
 R - a cursed +2 hat (worn)
 T - a cursed +2 cloak (worn)
Jewellery
 d - an uncursed amulet of stasis
 j - the amulet of the Four Winds {Clar rN+ MR+++}
   (You bought it in a shop on level 4 of the Depths)

   [amulet of clarity]

   It provides mental clarity.
   It protects you from negative energy.
   It affects your resistance to hostile enchantments.
 u - an amulet of regeneration (around neck)
 C - a cursed +4 ring of strength (right hand)
 U - an uncursed amulet of resist mutation
 Z - the cursed ring of Shaolin (left hand) {EV+8}
   (You found it on level 3 of the Depths)

   [ring of evasion]

   It affects your evasion (+8).
   It has a curse placed upon it.
Magical devices
 k - a wand of teleportation (4)
 q - a wand of teleportation (6)
 x - a wand of cold (10)
 A - a wand of fire (8)
 E - a wand of lightning (5)
 I - a wand of fireball (3)
 N - a wand of draining (9)
 O - a wand of lightning (2)
 P - a wand of disintegration (8)
 X - a wand of lightning (10)
Scrolls
 h - 2 scrolls of summoning
 i - 30 scrolls of identify
 m - 9 scrolls of recharging
 o - 7 scrolls of teleportation
 v - 5 scrolls of magic mapping
 y - 5 scrolls of fear
 B - 8 scrolls of curse armour
 G - 3 scrolls of holy word
 J - 13 scrolls of blinking
 M - 5 scrolls of remove curse
 Y - 17 scrolls of curse weapon
Potions
 e - 6 potions of might
 f - 6 potions of invisibility
 g - 3 potions of magic
 l - 18 potions of curing
 n - 2 potions of agility
 r - 13 potions of restore abilities
 t - 13 potions of brilliance
 K - 4 potions of resistance
 Q - 7 potions of haste
 V - 2 potions of berserk rage
 W - 4 potions of heal wounds
Miscellaneous
 w - a fan of gales
 D - a sack of spiders
 F - a lamp of fire
 L - a phial of floods
Comestibles
 S - 18 fruits


   Skills:
 * Level 22.5 Fighting
 + Level 18.7 Maces & Flails
 + Level 14.3(18.3) Armour
 + Level 14.5(18.5) Dodging
 + Level 15.3 Stealth
 + Level 22.4(24.5) Shields
 + Level 14.4 Spellcasting
 + Level 9.0(11.9) Conjurations
 + Level 2.2(4.6) Charms
 + Level 11.6(14.3) Necromancy
 + Level 4.1(6.9) Translocations
 + Level 1.5(3.6) Transmutations
 + Level 1.7(3.8) Fire Magic
 - Level 1.3(3.2) Air Magic
 + Level 3.1(5.7) Earth Magic
 - Level 1.7(3.8) Poison Magic
 + Level 3.6(6.3) Evocations


You had 3 spell levels left.
You knew the following spells:

 Your Spells              Type           Power        Failure   Level  Hunger
a - Bolt of Draining      Conj/Necr      ######....   1%          5    ####...
b - Apportation           Tloc           ####......   1%          1    None
c - Mephitic Cloud        Conj/Pois/Air  ####....     1%          3    None
d - Dispel Undead         Necr           ######..     1%          5    ####...
e - Stoneskin             Trmt/Erth      ####....     1%          2    None
f - Dazzling Spray        Conj/Hex       ####....     1%          3    None
g - Control Teleport      Chrm/Tloc      ####......   10%         4    #......
h - Blink                 Tloc           N/A          1%          2    None
i - Repel Missiles        Chrm/Air       ###...       1%          2    None
j - Sticky Flame          Conj/Fire      #####...     2%          4    #......
k - Excruciating Wounds   Chrm/Necr      #####.....   4%          5    ####...
v - Vampiric Draining     Necr           ######....   1%          3    None
C - Control Undead        Necr           ######....   1%          4    #......
D - Animate Dead          Necr           N/A          1%          4    #......
R - Regeneration          Chrm/Necr      #####.....   1%          3    None
S - Animate Skeleton      Necr           N/A          1%          1    None


Dungeon Overview and Level Annotations

Branches:
Dungeon (15/15)            Temple (1/1) D:7            Lair (8/8) D:11
  Swamp (5/5) Lair:5       Spider (5/5) Lair:5        Slime (0/6) Lair:8
    Orc (4/4) D:9             Elf (3/3) Orc:3        Vaults (5/5) D:14
  Crypt (3/3) Vaults:3       Tomb (0/3) Crypt:3      Depths (5/5) D:15
    Zot (5/5) Depths:5

Altars:
Ashenzari
Cheibriados
Dithmenos
Elyvilon
Fedhas
Gozag
Kikubaaqudgha
Makhleb
Nemelex Xobeh
Okawaru
Qazlal
Ru
Sif Muna
Trog
Vehumet
Xom
Yredelemnul
Zin
The Shining One
Beogh
Jiyva
Lugonu

Shops:
D:5 }   D:7 [   D:13 %   Orc:4 %((}   Vaults:1 (   Vaults:2 [   Vaults:4 =
Depths:4 =   Depths:5 *

Portals:
Hell: Depths:1 Depths:2 Depths:3 Depths:4 Depths:5
Abyss: Depths:4
Pandemonium: Depths:1 Depths:3 Depths:4
Ziggurat: Depths:4

Annotations:
Elf:3 Aizul
Vaults:4 exclusion: obsidian statue
Depths:1 5 runed doors
Depths:4 4 runed doors
Zot:2 exclusion: door


Innate Abilities, Weirdness & Mutations

You are resistant to torment.
You are immune to poison.
You can fly continuously.
Your stone body is very resilient (AC +20).
Your wings are large and strong.
You resist negative energy.
You are resistant to electric shocks.
You can survive without breathing.
You are immune to petrification.
You are immune to rotting.
You have a pair of small antennae on your head.
You have sharp toenails.
You are partially covered in icy blue scales (AC +1).
You are partially covered in molten scales (AC +1).
You are partially covered in rugged brown scales (AC +1, +3% HP).
Your flesh is cold resistant.
Your magical capacity is low (-10% MP).
You are resistant to hostile enchantments.
You heal very quickly.
You are covered in fur (AC +1).
You evolve.


Message History

You hear a distant blaring wail to the west.
The death cob hits you but does no damage.
The moth of wrath goads the Orb Guardian on!
The Orb Guardian goes berserk!
You see here a throwing net.
A green draconian comes into view. It is wielding a battleaxe.
The purple draconian roars!
The Orb Guardian looks more energetic.
You hear a distant "Zot"!
You block the Orb Guardian's attack. You block the death cob's attack.
The moth of wrath goads the Orb Guardian on!
The Orb Guardian goes berserk!
A purple draconian comes into view. It is wielding a glaive.
Read which item? (? for menu, Esc to quit)
As you read the scroll of teleportation, it crumbles to dust.
You feel strangely unstable.
You feel the orb delaying this translocation!
The Orb Guardian looks more energetic.
You block the death cob's attack. The Orb Guardian misses you.
The Orb Guardian hits you!!!
You die...

* #▓▓▓▓▓▓▓▓▓▓▓# * ▓▓▓▓......* ,*
* ##▓.......... .,, *
##............ ... * ▓▓▓▓▓▓▓▓▓
#............. ....
▓▓.......▓▓▓...{........ ,
.....,▓▓.......%.▓▓..d.........,,
......▓........X..▓....d.....(.,,
.q....^.......XX@......d......,,
......▓....y^..%X.▓.....d.... ,,
.....,▓▓^..?3.XX.▓▓......... ,,
.... ▓▓...X...▓▓▓...^...., ,,,
... ▓▓▓▓▓▓▓▓▓ ▓....... ,,,,,, ,.
,** ▓▓?....,,, , , *** ▓▓▓..
,,,,,,, * ▓ ,,, ,,, * **** *


You could see a green draconian, 2 draconians, a pale draconian, 7 Orb
Guardians, a death cob, a soul eater and a moth of wrath.

Vanquished Creatures
  A greater mummy (Crypt:3)
  Boris (Depths:1)
  3 ancient liches
  2 caustic shrikes
  A Killer Klown (Zot:2)
  14 golden dragons
  Xtahua (Vaults:3)
  A bone dragon (Abyss:1)
  5 electric golems
  15 tentacled monstrosities
  4 liches
  13 Orb Guardians (Zot:5)
  A deep elf blademaster (Elf:3)
  3 titans (Vaults:5)
  4 quicksilver dragons
  2 deep elf master archers (Elf:3)
  A thorn hunter (Swamp:4)
  7 sphinxes
  A tentacled starspawn (Abyss:1)
  Rupert (D:14)
  4 ancient champions
  6 tengu reavers
  14 storm dragons
  7 shadow dragons
  6 frost giants
  6 draconian monks
  2 revenants (Crypt:3)
  Donald (D:14)
  Wiglaf (Elf:2)
  An iron dragon (Zot:2)
  Maud (Lair:8)
  13 deep elf sorcerers
  A draconian scorcher (Zot:2)
  7 ghost moths
  17 vault wardens
  A curse skull (Crypt:1)
  2 draconian zealots
  3 emperor scorpions
  5 draconian knights
  2 orc warlords (Orc:4)
  Gastronok (Lair:1)
  A caustic shrike zombie (Depths:1)
  3 ghouls
  7 fire giants
  2 draconian annihilators (Zot:2)
  12 stone giants
  A war gargoyle (Vaults:2)
  11 ironheart preservers
  3 reapers
  7 draconian shifters
  A spriggan defender (Depths:2)
  2 rakshasas (Vaults:1)
  4 grey draconians
  2 draconian callers (Zot:2)
  6 vampire knights
  3 mottled draconians
  14 very ugly things
  4 black draconians
  3 pale draconians (Zot:2)
  A dire elephant (Depths:2)
  7 green draconians
  9 purple draconians
  6 red draconians
  9 deep elf demonologists
  9 deep elf annihilators
  5 yellow draconians
  4 white draconians
  An unborn (Depths:1)
  6 deep elf death magi
  5 ettins
  16 vault guards
  A blizzard demon (Elf:3)
  A merfolk javelineer (Depths:3)
  16 fire dragons
  10 yaktaur captains
  3 jiangshi (Crypt:2)
  8 deep elf high priests
  2 mummy priests (Crypt:3)
  4 minotaurs
  An eidolon (Crypt:3)
  4 death cobs
  7 great orbs of eyes
  Fannar (D:15)
  A hydra (shapeshifter) (WizLab)
  11 ice dragons
  23 hydras
  4 ghost crabs
  2 catoblepae
  A ghost crab (shapeshifter) (Vaults:1)
  Erica (Lair:1)
  7 centaur warriors
  2 deep troll shamans
  15 dancing weapons (Elf:2)
  4 vampire magi
  6 tengu warriors
  A deep troll earth mage (Vaults:4)
  11 ogre magi
  3 alligators
  19 death yaks
  A thrashing horror (Abyss:1)
  A titan zombie (Crypt:1)
  A death knight (Vaults:3)
  2 hell hogs (Abyss:1)
  2 soul eaters
  4 spriggan berserkers
  7 orc high priests
  An iron golem (WizLab)
  3 shadow wraiths
  22 deep elf knights
  A titan skeleton (Crypt:2)
  2 wretched stars (Abyss:1)
  Erolcha (D:8)
  3 hell knights (Vaults:3)
  A sea snake (shapeshifter) (Vaults:5)
  A death scarab (Crypt:3)
  An iron troll (Depths:3)
  A storm dragon skeleton (Crypt:2)
  A fire crab (shapeshifter) (WizLab)
  19 skeletal warriors
  4 giant orange brains
  An anaconda zombie (Crypt:2)
  A spriggan druid (Swamp:4)
  An unseen horror (shapeshifter) (WizLab)
  A giant orange brain (shapeshifter) (Vaults:2)
  13 deep elf summoners
  2 deep trolls (shapeshifter)
  5 deep trolls
  7 swamp dragons
  5 necromancers
  11 ironbrand convokers
  A swamp dragon (shapeshifter) (Depths:4)
  2 hill giants
  A death drake (Zot:2)
  2 unseen horrors
  4 flayed ghosts
  A putrid demonspawn (Depths:3)
  6 orc sorcerers
  Pikel (D:4)
  18 orc knights
  An anaconda skeleton (Crypt:2)
  A griffon (shapeshifter) (Vaults:4)
  A hill giant (shapeshifter) (WizLab)
  9 orb spiders
  11 deep elf conjurers
  4 harpies
  4 shambling mangroves
  2 draconians (shapeshifter)
  A draconian zombie (Zot:2)
  A hornet (shapeshifter) (WizLab)
  2 stone giant zombies (Depths:1)
  3 worldbinders (Abyss:1)
  2 deathcaps (Zot:5)
  8 wizards
  5 manticores
  22 slime creatures
  A cyclops (Vaults:1)
  8 griffons
  49 ugly things
  A salamander (Depths:1)
  2 harpies (shapeshifter)
  24 moths of wrath
  23 elephants
  8 phantasmal warriors
  20 wolf spiders
  A manticore (shapeshifter) (Elf:2)
  7 hornets
  12 vault sentinels
  The ghost of dxcTest1 the Quickloader, an experienced KoHu (D:6)
  2 sixfirhies
  Joseph (D:10)
  8 black mambas
  5 smoke demons
  A stone giant skeleton (Abyss:1)
  6 torpor snails
  3 orange demons
  2 black mambas (shapeshifter) (WizLab)
  An eye of devastation (shapeshifter) (Depths:4)
  23 spiny frogs
  An octopode (shapeshifter) (WizLab)
  A kobold demonologist (D:14)
  A white draconian zombie (Zot:2)
  A catoblepas zombie (Crypt:1)
  A komodo dragon (shapeshifter) (WizLab)
  41 yaktaurs
  An emperor scorpion zombie (Depths:1)
  A death yak zombie (Depths:5)
  A dire elephant skeleton (Abyss:1)
  2 fire drakes (Lair:7)
  A queen bee (Lair:2)
  2 gargoyles
  A redback zombie (D:15)
  A tormentor (Depths:2)
  10 demonic crawlers
  A hellwing (Depths:3)
  6 large abominations (Abyss:1)
  6 komodo dragons
  An ancient zyme (Abyss:1)
  2 wandering mushrooms (Zot:5)
  A tengu conjurer (Depths:1)
  2 silent spectres
  A yaktaur (shapeshifter) (WizLab)
  A catoblepas skeleton (Depths:1)
  18 deep elf priests
  20 guardian mummies (Crypt:3)
  14 freezing wraiths
  19 two-headed ogres
  11 trolls
  A fire drake (shapeshifter) (WizLab)
  A merfolk (shapeshifter) (Vaults:5)
  12 jumping spiders
  2 polar bears
  9 fire bats
  A tengu simulacrum (Vaults:1)
  2 baby alligators (shapeshifter) (WizLab)
  Prince Ribbit (D:6)
  A queen bee (shapeshifter) (WizLab)
  A polar bear (shapeshifter) (Abyss:1)
  A jumping spider (shapeshifter) (Vaults:2)
  A troll (shapeshifter) (WizLab)
  4 baby alligators (Swamp:1)
  6 giant leeches
  9 ushabtiu (Crypt:3)
  A deep troll zombie (Depths:1)
  3 moth of wrath zombies
  A raiju (Abyss:1)
  20 ravens
  A spectral swamp dragon (Swamp:5)
  11 blink frogs
  A fire dragon zombie (Depths:1)
  3 ravens (shapeshifter)
  22 bog bodies
  A stone giant simulacrum (Vaults:1)
  2 spriggans (shapeshifter)
  2 boulder beetles
  An ettin zombie (Vaults:3)
  26 deep elf magi
  4 water elementals
  A trapdoor spider (shapeshifter) (WizLab)
  An ice dragon skeleton (Depths:1)
  3 ynoxinuls
  5 starcursed masses (Abyss:1)
  3 shadows
  An alligator skeleton (Crypt:1)
  A griffon skeleton (Crypt:3)
  3 basilisks
  11 trapdoor spiders
  3 yaks (shapeshifter)
  5 vampires
  13 flying skulls
  30 redbacks
  10 spriggans
  22 tarantellas
  A hill giant zombie (Crypt:1)
  38 yaks
  2 tarantellas (shapeshifter)
  2 wyverns
  3 hungry ghosts
  15 humans (D:14)
  A golden eye (shapeshifter) (Vaults:5)
  Grum (D:10)
  2 death yak simulacra (IceCv)
  6 wraiths
  2 hippogriffs (shapeshifter) (WizLab)
  3 neqoxecs
  A spectral spiny frog (Swamp:5)
  12 wolves
  3 chaos spawn (Abyss:1)
  13 insubstantial wisps
  A soldier ant (shapeshifter) (WizLab)
  A human (shapeshifter) (WizLab)
  41 deep elf fighters
  2 orb spider zombies
  7 wargs
  5 hippogriffs
  17 vampire mosquitoes
  Menkaure (D:6)
  16 swamp worms
  3 mottled dragons
  12 porcupines
  A soldier ant (D:12)
  2 raven skeletons
  2 hell hounds (Depths:1)
  2 monstrous demonspawn skeletons
  A warg (shapeshifter) (Vaults:3)
  10 spiders
  14 water moccasins
  A black bear (shapeshifter) (WizLab)
  2 phantoms
  2 sky beasts
  11 wasps
  12 swamp drakes
  61 orc warriors
  2 snapping turtle zombies
  3 black bears
  50 ogres
  An ettin simulacrum (Crypt:1)
  A boggart (shapeshifter) (Vaults:1)
  A crocodile (shapeshifter) (WizLab)
  4 slaves (D:4)
  A vampire mosquito zombie (Vaults:2)
  A lindwurm skeleton (Crypt:1)
  A swamp dragon zombie (Crypt:1)
  18 ice beasts
  A boring beetle (shapeshifter) (Vaults:2)
  3 eyes of draining (shapeshifter) (WizLab)
  An ogre (shapeshifter) (WizLab)
  3 boring beetles
  15 crocodiles
  An elephant skeleton (Lair:8)
  21 centaurs
  A fire drake zombie (Crypt:2)
  11 small abominations
  A lost soul (Crypt:2)
  Duvessa (D:7)
  5 big kobolds
  8 boggarts
  17 giant frogs
  2 wyvern zombies
  Blork the orc (D:4)
  A brain worm (Abyss:1)
  A human skeleton (Vaults:3)
  2 spectral water moccasins (Swamp:5)
  2 cyclops zombies (Crypt:1)
  An elf simulacrum (Vaults:2)
  33 killer bees
  8 scorpions
  A water moccasin skeleton (Lair:8)
  A spriggan skeleton (Crypt:3)
  2 elf skeletons
  An orc simulacrum (Vaults:2)
  3 electric eels
  A yak skeleton (Lair:8)
  2 quasits (Abyss:1)
  8 crimson imps
  2 giant frog zombies
  8 wights
  5 centaur zombies
  Dowan (D:7)
  3 jellies
  2 draconian simulacra (IceCv)
  5 human zombies
  A soldier ant zombie (Crypt:1)
  4 centaur skeletons
  31 orc priests
  A bog body skeleton (Swamp:3)
  11 hounds
  A two-headed ogre zombie (Vaults:4)
  A two-headed ogre skeleton (Orc:4)
  A giant frog skeleton (Lair:7)
  4 hell rats
  A polar bear simulacrum (IceCv)
  30 orc wizards
  A spriggan simulacrum (IceCv)
  11 worker ants
  16 iguanas
  2 troll simulacra (IceCv)
  2 sheep (D:8)
  Ijyb (D:4)
  Jessica (D:2)
  3 big kobold zombies (Ossuary)
  A boulder beetle simulacrum (Vaults:3)
  3 centaur simulacra (IceCv)
  2 ogre zombies (Vaults:4)
  A crocodile skeleton (Lair:3)
  A hound zombie (Crypt:2)
  2 ogre skeletons
  10 mummies
  Robin (D:2)
  10 gnolls
  A swamp drake zombie (Swamp:2)
  A worker ant zombie (D:5)
  24 adders
  35 river rats
  3 ogre simulacra (IceCv)
  A swamp drake skeleton (Crypt:3)
  2 naga simulacra (IceCv)
  5 shadow imps
  6 white imps
  2 giant mites
  5 ufetubi
  3 adder zombies
  4 giant eyeballs (WizLab)
  3 worms
  9 orc zombies
  16 orc skeletons
  3 adder skeletons
  3 giant geckos
  2 oozes (D:11)
  289 orcs
  21 bats
  3 giant cockroaches
  36 goblins
  14 hobgoblins
  4 jackals (D:1)
  7 quokkas
  A ball python (D:3)
  A ball python zombie (Crypt:2)
  2 giant newts
  A goblin skeleton (Orc:4)
  3 hobgoblin zombies (Ossuary)
  A jackal skeleton (D:7)
  19 kobolds
  A quokka skeleton (D:5)
  13 rats
  3 briar patches
  3 crawling corpses
  2 plants
  A starspawn tentacle (Abyss:1)
  A toadstool (Swamp:4)
2703 creatures vanquished.

Vanquished Creatures (collateral kills)
  the Lernaean hydra (Swamp:5)
  Saint Roka (Vaults:3)
  A curse toe (Zot:4)
  Frederick (Vaults:5)
  Nikola (Spider:2)
  An electric golem (Zot:1)
  2 tentacled monstrosities
  A quicksilver dragon (Vaults:5)
  2 titans (Vaults:5)
  A lich (Crypt:2)
  2 sphinxes
  A thorn hunter (Swamp:5)
  3 shadow dragons
  3 storm dragons
  A tengu reaver (Depths:4)
  2 revenants
  2 draconian monks
  3 fire giants
  3 frost giants
  8 vault wardens
  3 iron dragons
  A deep elf sorcerer (Elf:3)
  A draconian scorcher (Zot:2)
  Louise (Spider:4)
  A draconian knight (Zot:3)
  A ghost moth (Spider:5)
  3 ghouls
  3 emperor scorpions
  A draconian annihilator (Zot:4)
  A reaper (Crypt:2)
  5 ironheart preservers
  7 stone giants
  2 draconian shifters
  10 very ugly things
  A deep elf demonologist (Elf:3)
  3 grey draconians
  A vampire knight (Depths:1)
  3 deep elf annihilators
  A yellow draconian (Zot:4)
  2 dire elephants (Depths:1)
  A red draconian (Zot:2)
  A white draconian (Depths:5)
  2 pale draconians
  An unborn (Crypt:3)
  An eidolon (Crypt:3)
  A purple draconian (Zot:3)
  Snorg (Swamp:1)
  2 minotaurs
  4 ettins
  13 vault guards
  4 deep elf death magi
  5 fire dragons
  2 deep elf high priests
  4 jiangshi
  3 great orbs of eyes
  4 ice dragons
  4 yaktaur captains
  4 death cobs
  A deep troll earth mage (Depths:3)
  A catoblepas (Depths:1)
  10 hydras
  4 ogre magi
  5 centaur warriors
  2 deep troll shamans
  A death knight (Vaults:3)
  5 death yaks
  3 tengu warriors
  2 alligators (Swamp:3)
  A thrashing horror (Abyss:1)
  A spriggan berserker (Depths:1)
  A shadow wraith (Crypt:3)
  A fire crab (Vaults:3)
  2 deep elf knights
  5 skeletal warriors (Crypt:3)
  A golden dragon zombie (Depths:1)
  A shambling mangrove (Swamp:4)
  An iron troll (Depths:3)
  3 deep trolls (Vaults:4)
  A spriggan druid (Swamp:5)
  6 ironbrand convokers
  4 deep elf summoners
  A flayed ghost (Crypt:3)
  An ice statue (IceCv)
  An obsidian statue (Vaults:4)
  A giant orange brain (Vaults:1)
  A death scarab (Crypt:3)
  2 phantasmal warriors (Depths:1)
  7 swamp dragons
  A necromancer (Depths:1)
  A wolf spider zombie (D:13)
  An ugly thing zombie (Depths:2)
  3 hornets
  19 ugly things
  A stone giant zombie (Depths:1)
  4 griffons
  2 cyclopes
  A hornet (shapeshifter) (Vaults:4)
  A fire giant zombie (Depths:1)
  8 moths of wrath
  10 orb spiders
  3 orc knights
  A rust devil (Zot:2)
  A manticore (Depths:1)
  15 wolf spiders
  8 elephants
  5 large abominations (Depths:1)
  8 vault sentinels
  A stone giant skeleton (Vaults:2)
  An octopode (shapeshifter) (Vaults:5)
  4 spiny frogs
  2 fire giant skeletons
  A gargoyle (D:13)
  A yaktaur zombie (Depths:1)
  8 demonic crawlers
  17 yaktaurs
  2 deep elf priests
  A freezing wraith (IceCv)
  A death yak skeleton (Depths:1)
  2 yaktaur skeletons
  6 guardian mummies (Crypt:3)
  8 jumping spiders
  4 trolls
  3 polar bears
  A spectral swamp dragon (Swamp:3)
  4 giant leeches
  6 two-headed ogres
  A red devil (Zot:2)
  7 blink frogs
  A fire vortex (Lair:8)
  A raven (shapeshifter) (Depths:2)
  A wind drake (shapeshifter) (Vaults:5)
  A baby alligator (Swamp:1)
  6 bog bodies
  7 ravens
  5 ushabtiu (Crypt:3)
  6 deep elf magi
  3 slime creatures
  17 trapdoor spiders
  A boulder beetle (Vaults:4)
  A tarantella zombie (Vaults:5)
  2 flying skulls
  23 redbacks
  A spectral ghost crab (Swamp:4)
  8 tarantellas
  A fire dragon skeleton (Depths:1)
  2 spriggans
  12 yaks
  A human (D:14)
  An ettin skeleton (Depths:1)
  A fire bat (Depths:1)
  An elf zombie (Depths:1)
  4 water elementals (Depths:3)
  4 deep elf fighters
  2 hippogriffs
  A shadow (Crypt:3)
  An elf skeleton (Depths:5)
  A neqoxec (Elf:3)
  A warg (Vaults:1)
  10 swamp worms
  7 vampire mosquitoes
  5 insubstantial wisps
  5 water moccasins
  4 swamp drakes
  4 ice beasts
  A spider (Spider:5)
  15 ogres
  10 orc warriors
  7 wasps
  A boggart (Vaults:1)
  A boring beetle (Spider:5)
  7 centaurs
  A crocodile (Lair:6)
  A torpor snail zombie (Depths:1)
  3 giant frogs
  A big kobold (D:14)
  A hippogriff zombie (Crypt:3)
  An elephant simulacrum (IceCv)
  3 crimson imps
  5 killer bees
  An iron imp (Abyss:1)
  A hound (Lair:3)
  A quasit (Abyss:1)
  A black bear skeleton (Crypt:3)
  A giant frog skeleton (D:13)
  3 human zombies
  6 orc priests
  A demonspawn skeleton (Crypt:1)
  2 iguanas
  An orc wizard (Orc:4)
  A bog body skeleton (Crypt:3)
  2 draconian simulacra (IceCv)
  An elf simulacrum (Vaults:2)
  2 troll simulacra (IceCv)
  An ogre zombie (Depths:2)
  A mummy (Crypt:3)
  4 gnolls (Depths:3)
  An adder (Lair:8)
  5 river rats
  8 white imps (IceCv)
  3 ogre simulacra (IceCv)
  11 ufetubi
  56 orcs
  2 hobgoblins (Orc:4)
  A quokka (Lair:3)
  A goblin (Orc:4)
  An orc zombie (Vaults:5)
  A crawling corpse (Vaults:5)
  3 fungi
  5 plants (Lair:8)
736 creatures vanquished.

Vanquished Creatures (others)
  Margery (Vaults:3)
  A fire giant (Depths:2)
  3 draconian scorchers
  2 draconian zealots (Zot:2)
  2 draconian knights
  A draconian annihilator (Zot:2)
  A white draconian (Zot:2)
  2 quicksilver dragon zombies
  7 very ugly thing zombies
  A death cob (Zot:2)
  3 death yaks (Depths:2)
  4 storm dragon zombies
  A ghost moth zombie (Spider:5)
  2 storm dragon skeletons
  2 golden dragon zombies
  An ironbrand convoker (Vaults:3)
  4 frost giant zombies
  An iron dragon zombie (Vaults:5)
  A sphinx zombie (Vaults:3)
  2 shadow dragon zombies
  16 ugly thing zombies
  3 fire giant zombies
  7 wolf spider zombies
  3 stone giant zombies
  7 draconian zombies
  7 centaur zombies
  3 draconian skeletons
  A hell hog skeleton (Abyss:1)
  2 stone giant skeletons (Vaults:5)
  2 grey draconian zombies
  2 centaur skeletons
  6 death yak zombies
  An emperor scorpion zombie (Depths:1)
  2 red draconian zombies (Zot:2)
  An air elemental (Depths:2)
  A black draconian zombie (Zot:2)
  5 green draconian zombies
  A pale draconian zombie (Zot:2)
  2 purple draconian zombies (Zot:2)
  2 yellow draconian zombies
  A mottled draconian zombie (Zot:4)
  A purple draconian skeleton (Zot:2)
  A yellow draconian skeleton (Zot:2)
  18 redback zombies
  A death yak skeleton (Depths:3)
  A freezing wraith (Crypt:3)
  2 water elementals
  2 ghoul skeletons
  4 yaktaur skeletons
  4 hydra zombies
  A minotaur zombie (Depths:3)
  2 harpy zombies
  9 moth of wrath zombies
  8 tarantella zombies
  2 spriggan zombies
  8 trapdoor spider zombies (Spider:5)
  4 jumping spider zombies
  A minotaur skeleton (Depths:5)
  3 fire dragon zombies
  A fire elemental (Depths:2)
  2 hornet zombies
  2 ettin zombies
  3 griffon zombies
  5 ice dragon zombies
  5 deep troll zombies
  A fire dragon skeleton (Zot:1)
  A deep elf mage (Elf:3)
  A trapdoor spider (Spider:5)
  An alligator zombie (Swamp:3)
  53 elf zombies
  2 tarantellas
  An ice dragon skeleton (Depths:2)
  An orc warrior (Vaults:1)
  A redback (Spider:5)
  A black mamba skeleton (Lair:8)
  2 giant leech zombies
  A deep elf fighter (Elf:1)
  4 raven zombies
  3 raven skeletons
  3 tengu zombies
  5 orb spider zombies
  A tengu skeleton (Depths:2)
  A spiny frog skeleton (Swamp:2)
  6 blink frog zombies
  A swamp drake (Swamp:5)
  A manticore zombie (Depths:2)
  3 swamp dragon zombies (Swamp:5)
  A manticore skeleton (Depths:1)
  6 vampire mosquito zombies
  5 elephant skeletons
  2 boggarts
  2 blink frog skeletons
  12 lost souls
  13 yaktaur zombies
  2 cyclops zombies (Vaults:1)
  A spider zombie (Spider:5)
  13 elf skeletons
  2 water moccasin zombies
  A troll skeleton (Vaults:3)
  A boulder beetle zombie (Vaults:3)
  A killer bee (Lair:2)
  2 warg zombies
  2 troll zombies
  3 water moccasin skeletons
  5 yak zombies
  A hippogriff skeleton (D:13)
  A giant frog zombie (Swamp:5)
  A spriggan skeleton (Swamp:2)
  A yak skeleton (Lair:8)
  A polar bear skeleton (Lair:8)
  46 human zombies
  3 two-headed ogre zombies
  2 wolf skeletons (Lair:8)
  2 orc wizards
  A black bear skeleton (Lair:8)
  5 wasp zombies
  9 human skeletons
  6 bog body skeletons
  16 ogre zombies
  8 ogre skeletons
  2 crocodile skeletons (Lair:8)
  3 hound skeletons
  6 swamp drake zombies
  An ufetubus (Orc:4)
  21 orc zombies
  2 adder skeletons (Lair:8)
  2 orcs
  A bat (Orc:1)
  A gnoll skeleton (Depths:3)
  2 gnoll zombies (Depths:3)
  5 goblin skeletons (Orc:4)
  4 hobgoblin skeletons (Orc:4)
  67 orc skeletons
  3 river rat skeletons (Lair:4)
  A briar patch (Swamp:4)
  A bush (Swamp:5)
  3 fungi (Swamp:5)
  2 plants
  2 starspawn tentacles (Abyss:1)
  5 starspawn tentacle segments (Abyss:1)
  8 toadstools (Swamp:4)
620 creatures vanquished.

Grand Total: 4059 creatures vanquished

Notes
Turn   | Place    | Note
--------------------------------------------------------------
     0 | D:1      | nubinia, the Gargoyle Fighter, began the quest for the Orb.
     0 | D:1      | Reached XP level 1. HP: 14/14 MP: 1/1
   176 | D:1      | Reached XP level 2. HP: 17/19 MP: 2/2
   884 | D:2      | Reached XP level 3. HP: 23/23 MP: 3/3
   895 | D:2      | Reached skill level 1 in Dodging
   945 | D:2      | Noticed Robin
   988 | D:2      | Killed Robin
  1354 | D:2      | Reached XP level 4. HP: 29/29 MP: 4/4
  1512 | D:2      | Noticed Jessica
  1528 | D:2      | Killed Jessica
  1528 | D:2      | Reached skill level 4 in Shields
  2047 | D:3      | Reached XP level 5. HP: 33/33 MP: 5/5
  2612 | D:3      | Found a shattered altar of Ashenzari.
  2622 | D:3      | Became a worshipper of Ashenzari the Shackled
  2881 | D:3      | Reached XP level 6. HP: 39/39 MP: 6/6
  3208 | D:4      | Noticed Ijyb
  3216 | D:4      | Killed Ijyb
  3234 | D:4      | Found a sand-covered staircase.
  3295 | Ossuary  | Entered an ossuary
  3479 | Ossuary  | Reached XP level 7. HP: 40/44 MP: 7/7
  3797 | D:4      | Reached skill level 5 in Fighting
  3894 | D:4      | Reached skill level 1 in Stealth
  3979 | D:4      | Noticed Blork the orc
  4000 | D:4      | Killed Blork the orc
  4000 | D:4      | Reached skill level 5 in Shields
  4000 | D:4      | Reached XP level 8. HP: 32/49 MP: 8/8
  4154 | D:4      | Noticed Pikel
  4231 | D:4      | Killed Pikel
  4231 | D:4      | Reached skill level 5 in Maces & Flails
  4410 | D:5      | Entered Level 5 of the Dungeon
  4578 | D:5      | Reached skill level 6 in Shields
  4661 | D:5      | Found Uzxud's Gadget Shoppe.
  4761 | D:5      | Reached skill level 5 in Dodging
  4817 | D:5      | Bought a wand of disintegration (12) for 176 gold pieces
  5078 | D:5      | Reached XP level 9. HP: 36/55 MP: 9/9
  5790 | D:6      | Found a staircase to the Ecumenical Temple.
  5848 | D:6      | Noticed Menkaure
  5859 | D:6      | Killed Menkaure
  6130 | D:6      | Reached skill level 7 in Shields
  6184 | D:6      | Noticed dxcTest1's ghost (experienced KoHu)
  6430 | D:6      | Noticed Prince Ribbit
  6452 | D:6      | Killed Prince Ribbit
  6588 | D:6      | Killed dxcTest1's ghost
  6735 | D:7      | You fall through a shaft!
  6907 | D:8      | Noticed Erolcha
  6984 | D:7      | Noticed Dowan
  6987 | D:7      | Noticed Duvessa
  6995 | D:7      | Killed Dowan
  7009 | D:7      | Killed Duvessa
  7054 | D:7      | Found Cloceca's Armour Shoppe.
  7100 | D:7      | Reached XP level 10. HP: 63/63 MP: 10/10
  7214 | D:7      | Found a staircase to the Ecumenical Temple.
  7219 | Temple   | Entered the Ecumenical Temple
  7499 | D:7      | Found a shimmering altar of Xom.
  7505 | D:7      | Found a blossoming altar of Fedhas.
  7508 | D:7      | Found an iron altar of Okawaru.
  7624 | D:7      | Found a shattered altar of Ashenzari.
  7737 | D:8      | Acquired Ashenzari's first power
  8008 | D:8      | Gained mutation: You evolve. [potion of mutation]
  8008 | D:8      | Gained mutation: You are resistant to hostile enchantments. [potion of mutation]
  8073 | D:8      | Reached skill level 8 in Shields
  8251 | D:8      | Identified a scroll of acquirement
  8439 | D:8      | Noticed a three-headed hydra
  8446 | D:8      | Killed a three-headed hydra
  8624 | D:8      | Found a deep blue altar of Sif Muna.
  8733 | D:8      | Killed Erolcha
  8733 | D:8      | Reached skill level 9 in Shields
  8860 | D:9      | Found a sparkling altar of Nemelex Xobeh.
  8860 | D:9      | Found a glowing silver altar of Zin.
  8925 | D:9      | Found an opulent altar of Gozag.
  8976 | D:9      | Found a staircase to the Orcish Mines.
  9220 | D:7      | Bought a +2 leather armour of fire resistance for 209 gold pieces
  9360 | D:9      | Reached skill level 1 in Evocations
  9360 | D:9      | Reached XP level 11. HP: 68/68 MP: 12/12
  9477 | D:9      | Gained mutation: You are weak. (Str -2) [evolution]
  9532 | Orc:1    | Entered Level 1 of the Orcish Mines
  9533 | Orc:1    | Found a burning altar of Makhleb.
  9839 | Orc:2    | Noticed an orc knight
 10014 | Orc:1    | Acquired Ashenzari's second power
 10250 | Orc:1    | Noticed an orc knight
 10282 | Orc:1    | Killed an orc knight
 10284 | Orc:1    | Reached skill level 10 in Shields
 10436 | Orc:1    | Learned a level 1 spell: Sting
 10540 | Orc:2    | Reached skill level 5 in Armour
 10547 | Orc:2    | Found a roughly hewn altar of Beogh.
 10664 | Orc:2    | Killed an orc knight
 10738 | Orc:2    | Reached skill level 1 in Conjurations
 10836 | Orc:2    | Reached skill level 1 in Poison Magic
 10847 | Orc:2    | Learned a level 3 spell: Mephitic Cloud
 11206 | D:10     | Entered Level 10 of the Dungeon
 11618 | D:10     | Noticed Joseph
 11801 | D:10     | Killed Joseph
 11801 | D:10     | Reached skill level 1 in Air Magic
 11921 | D:10     | Noticed Grum
 11944 | D:10     | Killed Grum
 12010 | D:10     | Acquired Ashenzari's third power
 12501 | D:11     | Noticed an unseen horror
 12516 | D:11     | Killed an unseen horror
 12517 | D:11     | Found a staircase to the Lair.
 12605 | D:11     | Gained mutation: You are partially covered in rugged brown scales (AC +1, +3% HP). [evolution]
 12723 | D:7      | Bought the +3 ring mail of Instinct {rElec rF+ rCorr Slay+2} for 594 gold pieces
 13176 | D:11     | Found a runed door.
 13312 | Lair:1   | Entered Level 1 of the Lair of Beasts
 13336 | Lair:1   | Reached XP level 12. HP: 62/77 MP: 14/14
 13437 | Lair:1   | Noticed Gastronok
 13828 | Lair:1   | Killed Gastronok
 14012 | Lair:1   | Found a snail-covered altar of Cheibriados.
 14174 | Lair:1   | Reached skill level 1 in Spellcasting
 14211 | Lair:1   | Acquired Ashenzari's fourth power
 14225 | Lair:1   | Reached skill level 11 in Shields
 14271 | Lair:1   | Noticed Erica
 14291 | Lair:1   | Killed Erica
 14388 | Lair:1   | Reached skill level 5 in Stealth
 15001 | Lair:2   | Reached skill level 5 in Conjurations
 15820 | Lair:3   | Noticed a six-headed hydra
 15833 | Lair:3   | Killed a six-headed hydra
 15833 | Lair:3   | Reached XP level 13. HP: 75/83 MP: 20/20
 16217 | Lair:3   | Learned a level 1 spell: Animate Skeleton
 16377 | Lair:3   | Reached skill level 10 in Fighting
 16377 | Lair:3   | Reached skill level 10 in Maces & Flails
 16413 | Lair:3   | Noticed a six-headed hydra
 16430 | Lair:3   | Killed a six-headed hydra
 17668 | Lair:5   | Reached skill level 12 in Shields
 17698 | Lair:5   | Gained mutation: You are partially covered in icy blue scales (AC +1). [evolution]
 17751 | Lair:5   | Reached skill level 1 in Necromancy
 17901 | Lair:5   | Found a staircase to the Swamp.
 18104 | Lair:5   | Found a hole to the Spider Nest.
 19980 | Lair:7   | Gained mutation: Your wings are large and strong. [gargoyle growth]
 19980 | Lair:7   | Reached XP level 14. HP: 81/90 MP: 23/23
 20460 | Lair:8   | Entered Level 8 of the Lair of Beasts
 20561 | Lair:8   | Found a viscous altar of Jiyva.
 20817 | Lair:8   | Noticed Maud
 20851 | Lair:8   | Killed Maud
 20853 | Lair:8   | Reached skill level 10 in Dodging
 21326 | Lair:8   | Found a staircase to the Slime Pits.
 22034 | Lair:2   | Reached skill level 13 in Shields
 22418 | Orc:3    | Found a staircase to the Elven Halls.
 22582 | Orc:3    | Found a shimmering altar of Xom.
 22875 | Orc:4    | Entered Level 4 of the Orcish Mines
 23228 | Orc:4    | Noticed an orc warlord
 23257 | Orc:4    | Killed an orc warlord
 24152 | Orc:4    | Found a roughly hewn altar of Beogh.
 24209 | Orc:4    | Reached XP level 15. HP: 66/98 MP: 22/26
 24316 | Orc:4    | Found Naamunos' Antique Weapon Shop.
 24341 | Orc:4    | Found Cryurphay's Food Boutique.
 24475 | Orc:4    | Reached skill level 5 in Spellcasting
 24746 | Orc:4    | Found a roughly hewn altar of Beogh.
 24747 | Orc:4    | Noticed an orc warlord
 24780 | Orc:4    | Killed an orc warlord
 24848 | Orc:4    | Found Psit's Weapon Shop.
 24925 | Orc:4    | Found Molef's Gadget Boutique.
 25567 | Swamp:1  | Entered Level 1 of the Swamp
 25699 | Lair:3   | Learned a level 3 spell: Vampiric Draining
 25703 | Lair:3   | Learned a level 3 spell: Regeneration
 25708 | Lair:3   | Learned a level 4 spell: Animate Dead
 25713 | Lair:3   | Learned a level 4 spell: Control Undead
 26334 | Swamp:1  | Noticed Snorg
 26354 | Swamp:1  | Killed Snorg
 26505 | Swamp:1  | Gained mutation: You have a pair of small antennae on your head. [evolution]
 27950 | Swamp:3  | Identified a +0 rod of destruction (14/14)
 28121 | Swamp:3  | Reached skill level 14 in Shields
 28256 | Swamp:3  | Reached XP level 16. HP: 89/107 MP: 29/29
 28344 | Swamp:3  | Learned a level 5 spell: Dispel Undead
 28726 | Swamp:4  | Lost mutation: You are weak. (Str -2) [evolution]
 28850 | Swamp:4  | Noticed a thorn hunter
 28874 | Swamp:4  | Killed a thorn hunter
 29552 | Swamp:5  | Entered Level 5 of the Swamp
 29711 | Swamp:5  | Noticed the 27-headed Lernaean hydra
 30232 | Swamp:5  | Reached skill level 1 in Charms
 30709 | Swamp:5  | Identified the +2 mace "Freiweff" {venom, Dex+2}
 30825 | Swamp:5  | Killed the 27-headed Lernaean hydra
 31044 | Swamp:5  | Noticed a thorn hunter
 31058 | Swamp:5  | Killed a thorn hunter
 31192 | Swamp:5  | Got a decaying rune of Zot
 31529 | Spider:1 | Entered Level 1 of the Spider Nest
 31881 | Spider:1 | Identified the +1 chain mail of the Cockatrice {-Tele Str+2 Int+3}
 31927 | Spider:1 | Identified the +7 hand axe of Painful Death {chop, rC- Dex+7}
 32146 | Spider:2 | Reached XP level 17. HP: 113/113 MP: 31/31
 32792 | Spider:2 | Noticed Nikola
 32807 | Spider:2 | Killed Nikola
 33297 | Spider:2 | Reached skill level 5 in Necromancy
 33384 | Spider:3 | Identified the +2 glaive "With Two Names" {antimagic, Noisy MP+9 Str+4 Int+7}
 33526 | Spider:3 | Lost mutation: You are resistant to hostile enchantments. [evolution]
 33725 | Spider:3 | Reached skill level 15 in Shields
 33816 | Spider:4 | Noticed Louise
 33859 | Spider:4 | Killed Louise
 35090 | Spider:5 | Entered Level 5 of the Spider Nest
 35522 | Spider:5 | Learned a level 1 spell: Apportation
 35754 | Spider:5 | Reached skill level 10 in Stealth
 36171 | Spider:5 | HP: 5/115 [wolf spider (13)]
 37300 | Spider:5 | Got a gossamer rune of Zot
 38165 | D:12     | Reached XP level 18. HP: 121/121 MP: 33/33
 38903 | D:13     | Found Teacub's Food Emporium.
 39007 | D:13     | Found a frozen archway.
 39052 | IceCv    | Entered an ice cave
 39296 | IceCv    | Found an ancient bone altar of Kikubaaqudgha.
 39455 | IceCv    | Reached skill level 15 in Fighting
 40335 | D:14     | Found a gate to the Vaults.
 40335 | D:14     | Noticed Rupert
 40335 | D:14     | Noticed Donald
 40456 | D:14     | Killed Donald
 40493 | D:14     | Killed Rupert
 41165 | Vaults:1 | Entered Level 1 of the Vaults
 41208 | Vaults:1 | Gained mutation: You tend to lose your temper in combat. [evolution]
 41528 | Vaults:1 | Found Qogiek's Weapon Shoppe.
 41534 | Vaults:1 | Found a magical portal.
 41665 | WizLab   | Entered Cigotuvi's Fleshworks
 41759 | WizLab   | Reached skill level 16 in Shields
 42184 | WizLab   | Paralysed by a giant eyeball for 2 turns
 42193 | WizLab   | Paralysed by a giant eyeball for 4 turns
 42205 | WizLab   | Paralysed by a giant eyeball for 4 turns
 42326 | WizLab   | Paralysed by a giant eyeball for 2 turns
 42330 | WizLab   | Paralysed by a giant eyeball for 3 turns
 42338 | WizLab   | Paralysed by a giant eyeball for 2 turns
 42344 | WizLab   | Paralysed by a giant eyeball for 4 turns
 42555 | WizLab   | Gained mutation: Your natural rate of healing is unusually fast. [potion of beneficial mutation]
 42634 | WizLab   | Gained mutation: You are covered in fur (AC +1). [potion of beneficial mutation]
 42642 | WizLab   | Gained mutation: You have sharp toenails. [potion of beneficial mutation]
 43039 | WizLab   | Noticed Cigotuvi's Monster
 43042 | WizLab   | Identified Cigotuvi's Collected Works on Nocuous Moulding (You found it in a wizard's laboratory)
 43061 | WizLab   | Learned a level 2 spell: Stoneskin
 43245 | Vaults:1 | Reached XP level 19. HP: 120/128 MP: 20/34
 43322 | Vaults:1 | Reached skill level 1 in Earth Magic
 44507 | Swamp:3  | Learned a level 5 spell: Bolt of Draining
 44954 | Elf:1    | Entered Level 1 of the Elven Halls
 45091 | Elf:1    | Gained mutation: You are partially covered in molten scales (AC +1). [evolution]
 45770 | Elf:2    | Identified the +7 plate armour of Lesser Demons {MR+}
 45839 | Elf:2    | Found a runed gate.
 45839 | Elf:2    | Found a runed gate.
 45839 | Elf:2    | Found a runed gate.
 46848 | Elf:2    | Reached skill level 10 in Spellcasting
 47284 | Elf:3    | Entered Level 3 of the Elven Halls
 47531 | Elf:3    | Reached skill level 1 in Transmutations
 47628 | Elf:3    | Noticed Aizul
 47799 | Elf:3    | Cast into the Abyss (a deep elf demonologist)
 47890 | Abyss:1  | Found a corrupted altar of Lugonu.
 48028 | Abyss:1  | Found a blossoming altar of Fedhas.
 48140 | Abyss:1  | Paralysed by accursed screaming for 2 turns
 48145 | Abyss:1  | Paralysed by accursed screaming for 2 turns
 48151 | Abyss:1  | Found a blossoming altar of Fedhas.
 48305 | Abyss:1  | Noticed a bone dragon
 48393 | Elf:3    | Escaped the Abyss
 48434 | Elf:3    | Noticed Wiglaf
 48711 | Elf:2    | Killed Wiglaf
 49478 | Vaults:1 | Reached XP level 20. HP: 90/135 MP: 30/36
 49956 | Vaults:1 | Lost mutation: You tend to lose your temper in combat. [evolution]
 50494 | Vaults:2 | Reached skill level 17 in Shields
 50743 | Vaults:2 | Found Riq Ostru's Armour Boutique.
 51875 | Vaults:3 | Noticed Saint Roka
 51991 | Vaults:1 | Learned a level 4 spell: Control Teleport
 52364 | Vaults:3 | Found a staircase to the Crypt.
 52428 | Vaults:3 | Killed Saint Roka
 53029 | Vaults:3 | Noticed Xtahua
 53037 | Vaults:3 | Killed Xtahua
 53172 | Vaults:3 | Noticed Margery
 53204 | Vaults:3 | Killed Margery
 53204 | Vaults:3 | Reached XP level 21. HP: 99/143 MP: 30/37
 53587 | Vaults:3 | Gained mutation: You can translocate small distances at will. [evolution]
 54084 | Crypt:1  | Entered Level 1 of the Crypt
 54790 | Crypt:1  | Paralysed by a vampire knight for 4 turns
 55433 | Crypt:2  | Gained mutation: You heal very quickly. [potion of beneficial mutation]
 55796 | Crypt:2  | Identified the +2 helmet "Zomif" {rElec}
 55900 | Crypt:2  | Reached skill level 1 in Translocations
 56399 | Crypt:3  | Entered Level 3 of the Crypt
 56903 | Crypt:3  | Reached skill level 15 in Maces & Flails
 57068 | Crypt:3  | Noticed a greater mummy
 57097 | Crypt:3  | Killed a greater mummy
 57193 | Crypt:3  | Identified the ring of Rudghiw {Str+2 Int+2 SInv} (You took it off a guardian mummy on level 3 of the Crypt)
 58088 | Crypt:3  | Reached skill level 18 in Fighting
 58599 | Crypt:3  | Reached XP level 22. HP: 142/151 MP: 25/38
 58644 | Crypt:3  | Found a staircase to the Tomb.
 58986 | Vaults:4 | Paralysed by a great orb of eyes for 4 turns
 59012 | Vaults:4 | Cast into the Abyss (a deep elf sorcerer)
 59088 | Vaults:4 | Escaped the Abyss
 59406 | Vaults:4 | Found Paolocaqot's Jewellery Shoppe.
 60666 | D:15     | Entered Level 15 of the Dungeon
 60758 | D:15     | Found a staircase to the Depths.
 60893 | D:15     | Noticed Fannar
 60901 | D:15     | Killed Fannar
 61271 | D:15     | Gained mutation: You have supernaturally acute eyesight. [potion of beneficial mutation]
 61379 | D:15     | Reached XP level 23. HP: 156/156 MP: 39/39
 61631 | Depths:1 | Entered Level 1 of the Depths
 62146 | Depths:1 | Found a huge runed gate.
 62146 | Depths:1 | Found a huge runed gate.
 62146 | Depths:1 | Found a huge runed gate.
 62146 | Depths:1 | Found a huge runed gate.
 62146 | Depths:1 | Found a huge runed gate.
 62230 | Depths:1 | Identified the +1 robe of Kluugrosost {Int+2 Dex+3 Stlth-}
 62471 | Depths:1 | Found a one-way gate leading to the halls of Pandemonium.
 62550 | Depths:1 | Paralysed by a vampire knight for 7 turns
 62562 | Depths:1 | Paralysed by a vampire knight for 5 turns
 62564 | Depths:1 | Noticed Boris
 62577 | Depths:1 | Killed Boris
 62986 | Depths:1 | Found a gateway to Hell.
 63354 | Depths:2 | Reached XP level 24. HP: 129/163 MP: 40/40
 63399 | Depths:2 | Noticed a caustic shrike
 63486 | Depths:2 | Killed a caustic shrike
 63510 | Depths:2 | Reached skill level 10 in Armour
 63510 | Depths:2 | Reached skill level 19 in Fighting
 63565 | Depths:2 | Identified the +2 scale mail of Degh {Int+4} (You took it off a tengu warrior on level 2 of the Depths)
 63726 | Depths:2 | Found a one-way gate to the infinite horrors of the Abyss.
 64397 | Depths:2 | Paralysed by a sphinx for 6 turns
 64898 | Depths:3 | Reached skill level 10 in Necromancy
 65615 | Depths:3 | Identified the +7 mace of Midnight {holy, +Blink rF+ rN+ SInv}
 66116 | Depths:4 | Found Vaahev's Jewellery Shop.
 66120 | Depths:4 | Bought the amulet of the Four Winds {Clar rN+ MR+++} for 466 gold pieces
 66310 | Depths:4 | Reached XP level 25. HP: 170/173 MP: 40/40
 66430 | Depths:4 | Found a corrupted altar of Lugonu.
 66433 | Depths:4 | Found a one-way gate to the infinite horrors of the Abyss.
 66444 | Depths:4 | Found a gateway to a ziggurat.
 66739 | Depths:4 | Found a runed door.
 66768 | Depths:4 | Found a runed door.
 66791 | Depths:4 | Found a runed door.
 66792 | Depths:4 | Identified a +7 rod of clouds (9/9)
 66792 | Depths:4 | Identified a +0 pair of boots of running
 66792 | Depths:4 | Identified the +8 falchion "Henexteg" {freeze, rPois Str+8}
 66806 | Depths:5 | Entered Level 5 of the Depths
 66964 | Depths:5 | Identified the +2 chain mail "Diampucwant" {rC+ Dex+4}
 67112 | Depths:5 | Identified a +1 rod of shadows (9/9) (You took it off a minotaur on level 5 of the Depths)
 67198 | Depths:5 | Found Musm's General Store.
 67351 | Depths:4 | Found a runed door.
 67367 | Depths:4 | Identified the +6 fire dragon armour of the Hurricane {-Tele rF++ rC- rN+ Str+2 Int-3 SInv} (You found it on level 4 of the Depths)
 67658 | D:15     | Lost mutation: You can translocate small distances at will. [evolution]
 67721 | D:15     | Your ally Fannar died
 68013 | Elf:3    | Gained mutation: Your magical capacity is low (-10% MP). [a neqoxec]
 68382 | Elf:3    | Reached skill level 20 in Fighting
 68595 | Elf:3    | Identified the +0 ring mail of the Lute {rElec}
 68635 | Elf:3    | Learned a level 3 spell: Dazzling Spray
 68771 | Elf:3    | Learned a level 2 spell: Blink
 68777 | Elf:3    | Learned a level 2 spell: Repel Missiles
 69305 | Elf:3    | Cast into the Abyss (a ghostly deep elf demonologist)
 70295 | Elf:3    | Escaped the Abyss
 71030 | Vaults:5 | Entered Level 5 of the Vaults
 71619 | Vaults:4 | Reached XP level 26. HP: 180/180 MP: 36/36
 71760 | Vaults:5 | Identified the cursed +0 hand axe "nubinia's Bane" {pain, Str+4 Dex+2}
 71761 | Vaults:5 | Identified the +4 ring mail of Dishonour {rC+}
 71771 | Vaults:5 | Noticed an ancient lich
 71779 | Vaults:5 | Killed an ancient lich
 72334 | Vaults:5 | Noticed an ancient lich
 72341 | Vaults:5 | Killed an ancient lich
 72410 | Vaults:5 | Identified a +5 rod of shadows (6/11) (You took it off a deep elf priest on level 5 of the Vaults)
 72454 | Vaults:5 | Identified the Volume of Enchanting Conjuration (You found it on level 5 of the Vaults)
 72458 | Vaults:5 | Identified Hyec's Incunabulum of Distant Shores
 72464 | Vaults:5 | Learned a level 4 spell: Sticky Flame
 72816 | Vaults:5 | Identified the +6 scale mail of the Old World {rElec rF- rC+ MP+9 Stlth+} (You took it off a deep elf priest on level 5 of the Vaults)
 72821 | Vaults:5 | Identified the ring "Bimnumm" {+Fly rPois Str+3 Dex+3} (You took it off an ironbrand convoker on level 5 of the Vaults)
 72942 | Vaults:5 | Identified the cursed -4 plate armour "Huokar Myese" {Contam MR+ Stlth+}
 72999 | Vaults:5 | Noticed Frederick
 73013 | Vaults:5 | Killed Frederick
 73020 | Vaults:5 | Reached skill level 21 in Fighting
 73029 | Vaults:5 | Got a silver rune of Zot
 73093 | Vaults:5 | Identified the +11 flail of Invincibility {speed, SInv} (You took it off a frost giant on level 5 of the Vaults)
 73362 | Vaults:5 | Identified the Disquisition on Necromancy and Snow
 73369 | Vaults:5 | Learned a level 5 spell: Excruciating Wounds
 73435 | Vaults:5 | Identified the Incunabulum of Aerial Combat Magic (You found it on level 5 of the Vaults)
 73509 | Vaults:5 | Identified the +7 plate armour of Vyfaodwi {rF+ rC+ Regen+ Int-2 Slay+2}
 73513 | Vaults:5 | Identified the +0 pair of gloves of Ashenzari's Approval {Str+7 Dex-4}
 73551 | Vaults:5 | Identified the cursed +0 dire flail of Balance {freeze, -Tele Str+6} (You found it on level 3 of the Elven Halls)
 73551 | Vaults:5 | Identified a +2 rod of destruction (9/9) (You found it on level 3 of the Elven Halls)
 73551 | Vaults:5 | Identified the cursed +0 war axe "Transmigrator" {freeze, +Inv MR- Int+3} (You found it on level 3 of the Elven Halls)
 73551 | Vaults:5 | Identified the cursed +0 greatsling of Ointment {freeze, Str+3}
 73551 | Vaults:5 | Identified the +6 broad axe of the Lonely Stars {flame, MP+9} (You found it on level 3 of the Elven Halls)
 73551 | Vaults:5 | Identified the +8 scimitar of Destruction {flame, Str+2}
 74455 | Depths:5 | Found a gate to the Realm of Zot.
 74631 | Zot:1    | Entered Level 1 of the Realm of Zot
 75151 | Zot:1    | Reached XP level 27. HP: 181/187 MP: 20/37
 76383 | Zot:2    | Reached skill level 1 in Fire Magic
 76520 | Zot:2    | Reached skill level 15 in Stealth
 76536 | Zot:2    | Identified the +0 robe of Ublusous {rC+ MR+ Slay-3}
 77691 | Zot:2    | Identified the cursed -2 hat "Yrytasyt" {rPois rF- rC++ Str+3} (You acquired it on level 2 of the Realm of Zot)
 77935 | Zot:2    | Noticed an orb of fire
 78238 | Zot:3    | Identified the cursed +0 ring mail "Lifif" {+Blink rElec Dex+4}
 78332 | Zot:3    | Reached skill level 22 in Fighting
 79577 | Zot:4    | Gained mutation: Your flesh is cold resistant. [potion of beneficial mutation]
 79684 | Zot:4    | Gained mutation: You are resistant to hostile enchantments. [potion of beneficial mutation]
 80209 | Zot:5    | Entered Level 5 of the Realm of Zot
 81264 | Zot:5    | Noticed an ancient lich
 81272 | Zot:5    | Killed an ancient lich
 81367 | Zot:5    | Noticed an orb of fire
 81414 | Zot:5    | Lost mutation: You have supernaturally acute eyesight. [an orb of fire]
 81647 | Zot:5    | Noticed an orb of fire
 81655 | Zot:5    | HP: 8/191 [Orb Guardian (10)]
 81660 | Zot:5    | Got the Orb of Zot
 81676 | Zot:5    | Mangled by an Orb Guardian

Action                   |  1- 3 |  4- 6 |  7- 9 | 10-12 | 13-15 | 16-18 | 19-21 | 22-24 | 25-27 || total
-------------------------+-------+-------+-------+-------+-------+-------+-------+-------+-------++-------
Melee: Flail             |   160 |   181 |       |       |       |       |       |       |       ||   341
       Mace              |       |    45 |   543 |  1162 |  2073 |  2323 |  2431 |  1681 |  3678 || 13936
 Cast: Sting             |       |       |       |    34 |    54 |    38 |     5 |       |       ||   131
       Mephitic Cloud    |       |       |       |    12 |    75 |    85 |   153 |    58 |    57 ||   440
       Animate Skeleton  |       |       |       |       |   234 |     9 |    39 |    15 |    30 ||   327
       Animate Dead      |       |       |       |       |    21 |   108 |    69 |    71 |    80 ||   349
       Control Undead    |       |       |       |       |     3 |    27 |    44 |    10 |     6 ||    90
       Regeneration      |       |       |       |       |     2 |    15 |     6 |     2 |     1 ||    26
       Vampiric Draining |       |       |       |       |       |    22 |     8 |    31 |    17 ||    78
       Apportation       |       |       |       |       |       |    10 |       |       |       ||    10
       Stoneskin         |       |       |       |       |       |     2 |    23 |    10 |    24 ||    59
       Bolt of Draining  |       |       |       |       |       |       |    21 |    10 |    24 ||    55
       Dispel Undead     |       |       |       |       |       |       |    51 |    12 |    17 ||    80
       Repel Missiles    |       |       |       |       |       |       |       |       |     8 ||     8
       Sticky Flame      |       |       |       |       |       |       |       |       |    40 ||    40
       Blink             |       |       |       |       |       |       |       |       |     7 ||     7
Invok: Scrying           |       |       |       |       |       |       |     2 |     1 |     2 ||     5
       Transfer Knowledg |       |       |       |       |       |       |       |     1 |       ||     1
 Abil: Evoke Berserk Rag |       |       |       |     6 |     2 |       |       |       |       ||     8
       Fly               |       |       |       |       |     2 |     5 |       |     1 |     1 ||     9
       Stop Flying       |       |       |       |       |       |     2 |       |     1 |     1 ||     4
Evoke: Wand              |       |       |     1 |     1 |    17 |    39 |    25 |    10 |    11 ||   104
       Phial of floods   |       |       |       |       |       |     1 |     3 |       |       ||     4
       Stone of tremors  |       |       |       |       |       |     1 |     1 |       |       ||     2
       Lamp of fire      |       |       |       |       |       |       |     2 |     1 |       ||     3
       Fan of gales      |       |       |       |       |       |       |     1 |     1 |       ||     2
  Use: Scroll            |     2 |     5 |    11 |    23 |     7 |    23 |    16 |    10 |    14 ||   111
       Potion            |       |     1 |     2 |     5 |     3 |     8 |     7 |     3 |    14 ||    43
 Stab: Held in net/web   |       |     1 |       |       |       |       |       |       |       ||     1
       Sleeping          |       |       |     4 |    13 |    24 |    24 |    17 |    18 |    22 ||   122
       Distracted        |       |       |       |     1 |    22 |    24 |    31 |    24 |    40 ||   142
       Confused          |       |       |       |    10 |    50 |    59 |    99 |    37 |    30 ||   285
       Petrified         |       |       |       |       |       |       |       |     3 |       ||     3
       Petrifying        |       |       |       |       |       |       |       |     1 |       ||     1
       Invisible         |       |       |       |       |       |       |       |       |     2 ||     2
  Eat: Chunk             |     2 |     7 |    13 |    36 |    56 |    60 |    48 |    26 |    34 ||   282
       Beef jerky        |       |       |       |     1 |     1 |       |     1 |       |       ||     3
       Fruit             |       |       |       |       |       |    21 |    12 |     2 |     2 ||    37
       Bread ration      |       |       |       |       |       |       |     3 |     1 |     4 ||     8
       Meat ration       |       |       |       |       |       |       |     2 |     1 |     3 ||     6
       Royal jelly       |       |       |       |       |       |       |     2 |       |       ||     2
       Pizza             |       |       |       |       |       |       |     1 |       |       ||     1
